 Dungeon Crawl Stone Soup version 0.29.1-2-gbd0b4ee654 (webtiles) character file.

Game seed: 11068753291101879064

20 GorkyZ the Chopper (level 2, -5/18 HPs)
             Began as a Gargoyle Gladiator on Nov 23, 2022.
             Slain by a gnoll
             ... wielding a +0 flail
              (6 damage)
             ... on level 2 of the Dungeon.
             The game lasted 00:02:05 (315 turns).

GorkyZ the Chopper (Gargoyle Gladiator)              Turns: 315, Time: 00:02:06

Health: -5/18      AC:  6    Str: 17    XL:     2   Next: 79%
Magic:  2/2        EV: 12    Int:  8    God:
Gold:   37         SH:  0    Dex: 11    Spells: 1/1 levels left

rFire   . . .      SeeInvis .   a - +0 war axe
rCold   . . .      Faith    .   (no shield)
rNeg    + . .      Spirit   .   b - +0 leather armour
rPois   ∞          Reflect  .   c - +0 helmet
rElec   +          Harm     .   (no cloak)
rCorr   .          Rampage  .   (no gloves)
Will    .....                   (no boots)
Stlth   +.........              (no amulet)
HPRegen 0.06/turn               (no ring)
MPRegen 0.08/turn               (no ring)

@: no status effects
A: sickness immunity, AC +2, negative energy resistance 1, electricity
resistance, torment resistance 1, petrification resistance
a: no special abilities


You were on level 2 of the Dungeon.
You visited 1 branch of the dungeon, and saw 2 of its levels.

You collected 37 gold pieces.

Inventory:

Hand Weapons
 a - a +0 war axe (weapon)
Missiles
 d - 3 throwing nets (quivered)
 e - a javelin
Armour
 b - a +0 leather armour (worn)
 c - a +0 helmet (worn)
Scrolls
 h - a scroll of identify {unknown}
Potions
 f - 2 potions of mutation {unknown}
 g - a potion of heal wounds {unknown}


   Skills:
 + Level 2.5 Fighting
 + Level 2.8 Axes
 + Level 2.0 Throwing
 + Level 0.5 Armour
 + Level 2.5 Dodging
 + Level 0.7 Shields
 + Level 0.5 Evocations


You had one spell level left.
You didn't know any spells.
Your spell library contained the following spells:

 Spells                   Type           Power      Damage    Failure   Level
 Call Canine Familiar     Summ           0%         N/A       83%         3
 Portal Projectile        Hex/Tloc       0%         N/A       83%         3
 Leda's Liquefaction      Hex/Erth       0%         N/A       99%         4


Dungeon Overview and Level Annotations

Branches:
Dungeon (2/15)

Altars:


Innate Abilities, Weirdness & Mutations

You are immune to sickness and miasma.
Your stone body is resilient. (AC +2)
You are immune to poison.
You resist negative energy. (rN+)
You are resistant to electric shocks. (rElec)
You are resistant to unholy torment.
You are immune to petrification.


Message History

You closely miss the jackal. The jackal closely misses you. x2
You closely miss the jackal.
The jackal bites you but does no damage.
The jackal completely misses you.
You slash the jackal!
You kill the jackal!
A gnoll comes into view. It is wielding a +1 vorpal spear.
A gnoll is nearby!
A gnoll is nearby!
A gnoll comes into view. It is wielding a +0 flail.
The gnoll shouts! x2 2 gnolls come into view.
The gnoll shouts!
You hear an angry hiss.
The gnoll throws a throwing net.
The throwing net closely misses you.
A ball python comes into view.
The ball python hisses angrily.
Found an emerald potion.
The gnoll hits you with a +1 vorpal spear.
The gnoll hits you with a +0 flail.
You are too injured to fight recklessly!
You are too injured to fight recklessly!
You are too injured to fight recklessly!
You are too injured to fight recklessly!
You are too injured to fight recklessly!
You are too injured to fight recklessly!
You are too injured to fight recklessly!
You are too injured to fight recklessly!
You slash the gnoll!
The gnoll is heavily wounded.
You hit the gnoll.
The gnoll hits you with a +1 vorpal spear.
* * * LOW HITPOINT WARNING * * *
The gnoll completely misses you.
You hit the gnoll.
You kill the gnoll!
You closely miss the gnoll. The gnoll hits you with a +0 flail.
* * * LOW HITPOINT WARNING * * *
Your Throwing skill increases to level 2!
The gnoll attacks as you move away! The gnoll hits you with a +0 flail.
You die...

#..... #....# .#
#....####### ...
#..##.......##.#.
# #...........!
#......?...#
#....g.>..#
##)..#ggS.#
##..###@##.#.#
#.##............#
#.........?######
#..###.....## ..
####..# . #†(.#
#....# #....#
#....#


You could see 3 gnolls and a ball python.

Vanquished Creatures
  A gnoll (D:2)
  A ball python (D:1)
  A hobgoblin (D:2)
  4 jackals (D:2)
  A bat (D:1)
  A goblin (D:2)
9 creatures vanquished.

Notes
Turn   | Place    | Note
-------+----------+-------------------------------------------
     0 | D:1      | GorkyZ the Gargoyle Gladiator began the quest for the Orb.
     0 | D:1      | Reached XP level 1. HP: 12/12 MP: 1/1
   134 | D:1      | You fall into a shaft and drop 1 floor!
   162 | D:2      | Reached XP level 2. HP: 5/18 MP: 2/2
   315 | D:2      | Slain by a gnoll

Illustrated notes

Levels and vault maps discovered:
D:1:      onia_arrival_pyramid, layout_basic
D:2:      minmay_chambers_of_twos, layout_rooms,
          chequers_ecumenical_altar_island

Skill      XL: |  1  2 |
---------------+-------+-----
Throwing       | 2 |  2.0
Fighting       | |  2.5
Axes           | |  2.8
Armour         | |  0.5
Dodging        | |  2.5
Shields        | |  0.7
Evocations     | |  0.5

Action                   || total
-------------------------++-------
Melee: War axe           ||    25
Armor: Leather armour    ||    13
Dodge: Dodged            ||    30
